Sewer Rats vs Gangsters
(R1)
Created - 26 octobre 2016 at 23:59
Goals
|
| Sewer Rats |
3 |
0 |
1 |
4 |
| Gangsters |
2 |
2 |
1 |
5 |
|
Shots
|
| Sewer Rats |
17 |
6 |
9 |
32 |
| Gangsters |
8 |
18 |
13 |
39 |
|
1st period
1. Sewer Rats , Kyle Quincey 1 (Mattias Ekholm) at 4:47
2. Gangsters , Alexandre Bolduc 3 (Nick Foligno, Colten Teubert) at 6:59
3. Sewer Rats , Kyle Turris 1 (Jared Boll, Vojtech Polak) at 9:54
4. Sewer Rats , Peter Mueller 3 (Mark Mancari, Ville Leino) at 13:28 (PP)
5. Gangsters , Mikko Lehtonen 1 (Alexandre Bolduc) at 13:34
Penalties :
Mikko Lehtonen (Bro) for Roughing (Minor) at 10:29, Mikko Lehtonen (Bro) for Slashing (Minor) at 13:13, Dave Dziurzynski (Bro) for High sticking (Minor) at 16:11
2nd period
6. Gangsters , Mikko Lehtonen 2 (Nick Foligno, Alexandre Bolduc) at 4:48
7. Gangsters , Devante Smith-Pelly 1 (Maxime Sauvé, Curtis McKenzie) at 16:34
Penalties :
Mark Mancari (Tol) for Holding (Minor) at 4:51, Vojtech Polak (Tol) for Hooking (Minor) at 11:06
3rd period
8. Sewer Rats , Vojtech Polak 3 (Unassisted) at 6:44
9. Gangsters , Richard Panik 1 (Artem Anisimov, Dave Dziurzynski) at 19:54 (PP)
Penalties :
Artem Anisimov (Bro) for Hooking (Minor) at 0:27, Richard Jackman (Tol) for Hooking (Minor) at 7:13, Devante Smith-Pelly (Bro) for Hooking (Minor) at 14:26, Joel Edmundson (Tol) for Tripping (Minor) at 18:16
Goalie Stats
Richard Bachman (Tol), 34 saves from 39 shots - (0,872), L, 0-2-0, 59:58 minutes
Mike Condon (Bro), 28 saves from 32 shots - (0,875), W, 2-0-0, 60:00 minutes
Players Stats for Sewer Rats
Player Name G A P +/- PIM S H SB GA TA FO MP PP MP PK MP
------------------------------------------------------------------------------------
Daniel Carr 0 0 0 0 0 0 2 0 0 0 0/0 11:08 0:00 1:27
Derek Dorsett 0 0 0 0 0 0 0 0 0 0 0/0 12:21 0:00 1:38
Dmitrij Jaskin 0 0 0 0 0 1 0 0 1 0 0/0 9:59 0:05 0:00
Jared Boll 0 1 1 1 0 2 0 0 0 0 0/0 14:40 3:52 0:00
Jarred Tinordi 0 0 0 1 0 0 0 0 0 0 0/0 11:38 0:00 0:52
Joel Edmundson 0 0 0 0 2 1 1 1 0 0 0/0 6:16 0:00 0:28
Jonathan Marchessault 0 0 0 0 0 0 2 1 0 0 2/6 10:43 0:00 0:00
Kyle Quincey 1 0 1 0 0 2 0 0 0 0 0/0 17:56 3:44 2:38
Kyle Turris 1 0 1 1 0 3 0 0 0 0 4/12 17:16 3:52 1:46
Mark Mancari 0 1 1 -2 2 5 2 0 4 1 1/1 19:16 4:14 3:04
Matt Lashoff 0 0 0 -3 0 1 2 3 0 1 0/0 25:37 4:27 4:35
Mattias Ekholm 0 1 1 0 0 1 0 3 0 2 0/0 18:05 3:44 3:18
Nick Cousins 0 0 0 0 0 0 0 0 0 0 0/0 0:18 0:05 0:00
Patrick Bordeleau 0 0 0 0 0 1 0 0 0 0 0/0 10:43 0:00 0:00
Peter Mueller 1 0 1 -2 0 4 1 0 0 0 15/36 20:14 4:14 4:11
Richard Jackman 0 0 0 -3 2 1 2 2 1 2 0/0 24:33 4:27 3:19
Ryan Murphy 0 0 0 1 0 0 0 0 0 0 0/0 5:19 0:00 0:00
Steven Kampfer 0 0 0 1 0 2 0 2 0 0 0/0 10:46 0:00 0:00
Ville Leino 0 1 1 -2 0 3 1 0 2 2 2/4 19:19 4:14 2:16
Vincent Trocheck 0 0 0 0 0 2 1 0 0 0 3/4 10:39 0:00 0:48
Vojtech Polak 1 1 2 1 2 3 0 0 0 2 0/0 15:16 3:52 0:00
William Karlsson 0 0 0 0 0 0 0 0 0 0 0/0 0:18 0:05 0:00
Players Stats for Gangsters
Player Name G A P +/- PIM S H SB GA TA FO MP PP MP PK MP
------------------------------------------------------------------------------------
Alexandre Bolduc 1 2 3 3 0 8 3 0 1 0 17/32 22:46 3:34 4:54
Artem Anisimov 0 1 1 -2 2 5 0 0 0 0 10/16 17:50 3:48 1:43
Austen Brassard 0 0 0 0 0 0 0 0 0 0 0/0 0:39 0:13 0:00
Ben Holmstrom 0 0 0 0 0 0 1 0 1 0 1/2 8:21 0:00 0:00
Brett Ponich 0 0 0 1 0 0 0 0 0 0 0/0 4:36 0:00 0:00
Bryan Young 0 0 0 -1 0 2 1 1 2 1 0/0 26:56 4:42 4:34
Colten Teubert 0 1 1 -1 0 2 1 0 0 2 0/0 26:56 4:42 4:34
Curtis McKenzie 0 1 1 0 0 1 1 0 0 0 0/0 9:29 0:00 0:44
Dave Dziurzynski 0 1 1 -2 2 0 1 0 2 0 0/0 16:06 3:48 0:00
Devante Smith-Pelly 1 0 1 0 2 2 0 0 0 0 0/0 8:44 0:00 0:00
Dougie Hamilton 0 0 0 1 0 1 0 0 0 0 0/0 9:56 0:00 0:00
Jonas Brodin 0 0 0 0 0 0 0 0 0 0 0/0 0:00 0:00 0:00
Matt Delahey 0 0 0 0 0 1 0 0 0 1 0/0 18:32 2:53 3:37
Maxime Sauvé 0 1 1 0 0 3 1 0 0 1 3/5 10:52 0:00 2:02
Michael Sdao 0 0 0 1 0 0 0 3 0 1 0/0 9:56 0:00 0:00
Mikko Lehtonen 2 0 2 3 4 6 1 1 0 1 2/3 20:46 3:34 2:05
Morgan Ellis 0 0 0 1 0 0 0 0 0 0 0/0 4:36 0:00 0:00
Nick Foligno 0 2 2 3 0 4 0 1 2 0 1/2 22:46 3:34 4:54
Phil McRae 0 0 0 0 0 0 0 0 0 0 0/0 0:43 0:13 0:00
Phillip Danault 0 0 0 0 0 0 0 1 0 0 0/1 8:21 0:00 0:00
Richard Panik 1 0 1 -2 0 3 0 0 1 0 1/1 15:21 3:48 0:00
Shaun Heska 0 0 0 0 0 1 2 0 1 1 0/0 18:32 2:53 3:37
Stefan Noesen 0 0 0 0 0 0 1 0 0 0 1/1 9:00 0:13 0:00
3 Stars
1 - Alexandre Bolduc (Bro)
2 - Mikko Lehtonen (Bro)
3 - Nick Foligno (Bro)
Power Play
Sewer Rats - 1 on 5 Attempt(s) - 20,00%
Gangsters - 1 on 5 Attempt(s) - 20,00%
Penalty Kill
Sewer Rats - 4 on 5 Attempt(s) - 80,00%
- Score 0 goal in Penalty Kill
Gangsters - 4 on 5 Attempt(s) - 80,00%
- Score 0 goal in Penalty Kill
Team Stat
Sewer Rats - Hits : 14 - Faceoff Wins : 27 - Blocked Shots : 12 - Penalty Minutes : 8
Gangsters - Hits : 13 - Faceoff Wins : 36 - Blocked Shots : 7 - Penalty Minutes : 10
Official
Referees : Kimmerly Greg and Lee Chris
Linesman : Jean Morin and Derek Nansen
Game Notes
6:44 of 3rd period - Penalty Shot by Vojtech Polak for Sewer Rats - Goal!
Finance
Level 1 -- Attendance: 1499 (74,95%) -- Ticket Income 52 465 $
Level 2 -- Attendance: 676 (67,60%) -- Ticket Income 10 140 $
Total Attendance: 2175 (72,50%)
Total Ticket Income: 62 605 $
Other Income: 3 130 $
Total Income: 65 735 $
Sewer Rats
5 vs 5 Forward
Center Left Wing Right Wing Time % Phy DF OF
1 Peter Mueller Ville Leino Mark Mancari 30 1 2 2
2 Kyle Turris Vojtech Polak Jared Boll 30 1 2 2
3 Jonathan Marchessault Patrick Bordeleau Derek Dorsett 20 1 2 2
4 Vincent Trocheck Daniel Carr Dmitrij Jaskin 20 1 2 2
5 vs 5 Defense
Defense Defense Time % Phy DF OF
1 Richard Jackman Matt Lashoff 40 1 2 2
2 Mattias Ekholm Kyle Quincey 30 1 2 2
3 Steven Kampfer Jarred Tinordi 20 1 2 2
4 Joel Edmundson Ryan Murphy 10 1 2 2
PowerPlay Forward
Center Left Wing Right Wing Time % Phy DF OF
1 Peter Mueller Ville Leino Mark Mancari 60 1 2 2
2 Kyle Turris Vojtech Polak Jared Boll 40 1 2 2
PowerPlay Defense
Defense Defense Time % Phy DF OF
1 Richard Jackman Matt Lashoff 60 1 2 2
2 Mattias Ekholm Kyle Quincey 40 1 2 2
Penalty Kill 4 Players Forward
Center Wing Time % Phy DF OF
1 Peter Mueller Mark Mancari 60 1 2 2
2 Ville Leino Kyle Turris 40 1 2 2
Penalty Kill 4 Players Defense
Defense Defense Time % Phy DF OF
1 Richard Jackman Matt Lashoff 60 1 2 2
2 Mattias Ekholm Kyle Quincey 40 1 2 2
Penalty Kill - 3 Players Forward
Forward Time % Phy DF OF
1 Peter Mueller 60 1 2 2
2 Mark Mancari 40 1 2 2
Penalty Kill - 3 Players Defense
Defense Defense Time % Phy DF OF
1 Richard Jackman Matt Lashoff 60 1 2 2
2 Mattias Ekholm Kyle Quincey 40 1 2 2
4 vs 4 Forward
Center Wing Time % Phy DF OF
1 Peter Mueller Mark Mancari 60 1 2 2
2 Ville Leino Kyle Turris 40 1 2 2
4 vs 4 Defense
Defense Defense Time % Phy DF OF
1 Richard Jackman Matt Lashoff 60 1 2 2
2 Mattias Ekholm Kyle Quincey 40 1 2 2
Last Minutes Offensive
Center Left Wing Right Wing Defense Defense
Peter Mueller Ville Leino Mark Mancari Richard Jackman Matt Lashoff
Last Minutes Defensive
Center Left Wing Right Wing Defense Defense
Peter Mueller Ville Leino Mark Mancari Richard Jackman Matt Lashoff
Goaltenders
Starting : Richard Bachman
Backup : Brad Thiessen
Extra Forwards
Normal : William Karlsson, Nick Cousins, Derek Dorsett - PP : William Karlsson, Nick Cousins - PK : Derek Dorsett
Extra Defensemen
Normal : Steven Kampfer, Jarred Tinordi, Joel Edmundson - PP : Steven Kampfer - PK : Jarred Tinordi, Joel Edmundson
Penalty Shots
Peter Mueller, Mark Mancari, Ville Leino, Kyle Turris, Jared Boll
Gangsters
5 vs 5 Forward
Center Left Wing Right Wing Time % Phy DF OF
1 Alexandre Bolduc Nick Foligno Mikko Lehtonen 40 1 2 2
2 Artem Anisimov Dave Dziurzynski Richard Panik 30 1 2 2
3 Maxime Sauvé Curtis McKenzie Devante Smith-Pelly 20 1 2 2
4 Ben Holmstrom Phillip Danault Stefan Noesen 10 1 2 2
5 vs 5 Defense
Defense Defense Time % Phy DF OF
1 Bryan Young Colten Teubert 40 1 2 2
2 Shaun Heska Matt Delahey 30 1 2 2
3 Michael Sdao Dougie Hamilton 20 1 2 2
4 Brett Ponich Morgan Ellis 10 1 2 2
PowerPlay Forward
Center Left Wing Right Wing Time % Phy DF OF
1 Alexandre Bolduc Nick Foligno Mikko Lehtonen 60 1 2 2
2 Artem Anisimov Dave Dziurzynski Richard Panik 40 1 2 2
PowerPlay Defense
Defense Defense Time % Phy DF OF
1 Bryan Young Colten Teubert 60 1 2 2
2 Shaun Heska Matt Delahey 40 1 2 2
Penalty Kill 4 Players Forward
Center Wing Time % Phy DF OF
1 Alexandre Bolduc Nick Foligno 60 1 2 2
2 Artem Anisimov Mikko Lehtonen 40 1 2 2
Penalty Kill 4 Players Defense
Defense Defense Time % Phy DF OF
1 Bryan Young Colten Teubert 60 1 2 2
2 Shaun Heska Matt Delahey 40 1 2 2
Penalty Kill - 3 Players Forward
Forward Time % Phy DF OF
1 Alexandre Bolduc 60 1 2 2
2 Nick Foligno 40 1 2 2
Penalty Kill - 3 Players Defense
Defense Defense Time % Phy DF OF
1 Bryan Young Colten Teubert 60 1 2 2
2 Shaun Heska Matt Delahey 40 1 2 2
4 vs 4 Forward
Center Wing Time % Phy DF OF
1 Alexandre Bolduc Nick Foligno 60 1 2 2
2 Artem Anisimov Mikko Lehtonen 40 1 2 2
4 vs 4 Defense
Defense Defense Time % Phy DF OF
1 Bryan Young Colten Teubert 60 1 2 2
2 Shaun Heska Matt Delahey 40 1 2 2
Last Minutes Offensive
Center Left Wing Right Wing Defense Defense
Alexandre Bolduc Nick Foligno Mikko Lehtonen Bryan Young Colten Teubert
Last Minutes Defensive
Center Left Wing Right Wing Defense Defense
Alexandre Bolduc Nick Foligno Mikko Lehtonen Bryan Young Colten Teubert
Goaltenders
Starting : Mike Condon
Backup : Dustin Tokarski
Extra Forwards
Normal : Phil McRae, Austen Brassard, Maxime Sauvé - PP : Phil McRae, Austen Brassard - PK : Maxime Sauvé
Extra Defensemen
Normal : Jonas Brodin, Michael Sdao, Dougie Hamilton - PP : Jonas Brodin - PK : Michael Sdao, Dougie Hamilton
Penalty Shots
Alexandre Bolduc, Nick Foligno, Artem Anisimov, Mikko Lehtonen, Maxime Sauvé
% Time on Ice - Sewer Rats
Lines # - Real PCT - Wanted PCT - Time Play
Normal Forward
1 - 27% - 30% - 12:07
2 - 26% - 30% - 11:38
3 - 24% - 20% - 10:43
4 - 22% - 20% - 9:41
Normal Defense
1 - 39% - 40% - 17:01
2 - 25% - 30% - 11:03
3 - 24% - 20% - 10:46
4 - 12% - 10% - 5:19
PP Forward
1 - 53% - 60% - 4:19
2 - 47% - 40% - 3:52
PP Defense
1 - 54% - 60% - 4:27
2 - 46% - 40% - 3:44
PK Forward
1 - 77% - 60% - 5:49
2 - 23% - 40% - 1:46
PK Defense
1 - 67% - 60% - 5:03
2 - 33% - 40% - 2:32
PK3 Forward
1 - 0% - 60%
2 - 0% - 40%
PK3 Defense
1 - 0% - 60%
2 - 0% - 40%
44 Forward
1 - 0% - 60%
2 - 0% - 40%
44 Defense
1 - 0% - 60%
2 - 0% - 40%
Last Minute Offensive - 0:05
Last Minute Defensive - 0:00
Total
Forward - 60:00
Defense - 60:00
|
% Time on Ice - Gangsters
Lines # - Real PCT - Wanted PCT - Time Play
Normal Forward
1 - 33% - 40% - 14:40
2 - 28% - 30% - 12:24
3 - 20% - 20% - 8:44
4 - 19% - 10% - 8:21
Normal Defense
1 - 40% - 40% - 17:35
2 - 27% - 30% - 12:02
3 - 22% - 20% - 9:56
4 - 10% - 10% - 4:36
PP Forward
1 - 50% - 60% - 3:47
2 - 50% - 40% - 3:48
PP Defense
1 - 62% - 60% - 4:42
2 - 38% - 40% - 2:53
PK Forward
1 - 69% - 60% - 5:38
2 - 31% - 40% - 2:33
PK Defense
1 - 56% - 60% - 4:34
2 - 44% - 40% - 3:37
PK3 Forward
1 - 0% - 60%
2 - 0% - 40%
PK3 Defense
1 - 0% - 60%
2 - 0% - 40%
44 Forward
1 - 0% - 60%
2 - 0% - 40%
44 Defense
1 - 0% - 60%
2 - 0% - 40%
Last Minute Offensive - 0:00
Last Minute Defensive - 0:05
Total
Forward - 60:00
Defense - 60:00
|
Play by Play
1st period
0:01 of 1st period - Alexandre Bolduc wins face-off versus Peter Mueller in neutral zone.
0:15 of 1st period - Off-side.
0:16 of 1st period - Kyle Turris wins face-off versus Artem Anisimov in neutral zone.
1:06 of 1st period - Slapshot by Kyle Quincey.
1:06 of 1st period - Shot Blocked by Nick Foligno.
1:08 of 1st period - Snap shot by Daniel Carr.
1:08 of 1st period - Shot Misses the Net.
1:10 of 1st period - Snap shot by Vincent Trocheck.
1:10 of 1st period - Stopped by Mike Condon with a rebound.
1:47 of 1st period - Wrist shot by Richard Panik.
1:47 of 1st period - Shot Misses the Net.
1:49 of 1st period - Slapshot by Colten Teubert.
1:49 of 1st period - Stopped by Richard Bachman with a rebound.
1:59 of 1st period - Derek Dorsett is hit by Maxime Sauvé and loses puck.
2:29 of 1st period - Icing by Morgan Ellis.
2:30 of 1st period - Alexandre Bolduc wins face-off versus Peter Mueller in Gangsters zone.
2:30 of 1st period - Alexandre Bolduc is hit by Richard Jackman.
3:02 of 1st period - Wrist shot by Richard Panik.
3:02 of 1st period - Shot Misses the Net.
4:39 of 1st period - Snap shot by Maxime Sauvé.
4:39 of 1st period - Shot Blocked by Mattias Ekholm.
4:47 of 1st period - Slapshot by Kyle Quincey.
4:47 of 1st period - Goal by Kyle Quincey - Sewer Rats : 1 - Gangsters : 0.
4:48 of 1st period - Peter Mueller wins face-off versus Nick Foligno in neutral zone.
5:54 of 1st period - Derek Dorsett is hit by Alexandre Bolduc and loses puck.
6:03 of 1st period - Slapshot by Nick Foligno.
6:03 of 1st period - Stopped by Richard Bachman with a rebound.
6:43 of 1st period - Snap shot by Richard Panik.
6:43 of 1st period - Shot Blocked by Richard Jackman.
6:45 of 1st period - Wrist shot by Dave Dziurzynski.
6:45 of 1st period - Shot Blocked by Richard Jackman.
6:59 of 1st period - Wrist shot by Alexandre Bolduc.
6:59 of 1st period - Goal by Alexandre Bolduc - Sewer Rats : 1 - Gangsters : 1.
7:00 of 1st period - Alexandre Bolduc wins face-off versus Peter Mueller in neutral zone.
7:15 of 1st period - Wrist shot by Mark Mancari.
7:15 of 1st period - Stopped by Mike Condon with a rebound.
7:39 of 1st period - Off-side.
7:40 of 1st period - Vincent Trocheck wins face-off versus Artem Anisimov in neutral zone.
8:05 of 1st period - Steven Kampfer is hit by Bryan Young and loses puck.
8:18 of 1st period - Snap shot by Steven Kampfer.
8:18 of 1st period - Stopped by Mike Condon with a rebound.
8:20 of 1st period - Snap shot by Dmitrij Jaskin.
8:20 of 1st period - Stopped by Mike Condon without a rebound.
8:21 of 1st period - Ville Leino wins face-off versus Alexandre Bolduc in Gangsters zone.
9:42 of 1st period - Slapshot by Nick Foligno.
9:42 of 1st period - Stopped by Richard Bachman without a rebound.
9:43 of 1st period - Kyle Turris wins face-off versus Artem Anisimov in Sewer Rats zone.
9:54 of 1st period - Snap shot by Kyle Turris.
9:54 of 1st period - Goal by Kyle Turris - Sewer Rats : 2 - Gangsters : 1.
9:55 of 1st period - Peter Mueller wins face-off versus Alexandre Bolduc in neutral zone.
10:04 of 1st period - Slapshot by Peter Mueller.
10:04 of 1st period - Stopped by Mike Condon without a rebound.
10:05 of 1st period - Peter Mueller wins face-off versus Alexandre Bolduc in Gangsters zone.
10:06 of 1st period - Slapshot by Mark Mancari.
10:06 of 1st period - Stopped by Mike Condon without a rebound.
10:07 of 1st period - Jonathan Marchessault wins face-off versus Alexandre Bolduc in Gangsters zone.
10:17 of 1st period - Slapshot by Richard Jackman.
10:17 of 1st period - Shot Misses the Net.
10:19 of 1st period - Slapshot by Matt Lashoff.
10:19 of 1st period - Stopped by Mike Condon with a rebound.
10:29 of 1st period - Minor Penalty to Mikko Lehtonen for Roughing.
10:30 of 1st period - Peter Mueller wins face-off versus Alexandre Bolduc in Gangsters zone.
11:04 of 1st period - Colten Teubert is hit by Matt Lashoff and loses puck.
11:13 of 1st period - Snap shot by Vojtech Polak.
11:13 of 1st period - Shot Misses the Net.
11:40 of 1st period - Icing by Richard Jackman.
11:41 of 1st period - Kyle Turris wins face-off versus Artem Anisimov in Sewer Rats zone.
11:46 of 1st period - Wrist shot by Jared Boll.
11:46 of 1st period - Stopped by Mike Condon without a rebound.
11:47 of 1st period - Peter Mueller wins face-off versus Artem Anisimov in Gangsters zone.
11:48 of 1st period - Wrist shot by Ville Leino.
11:48 of 1st period - Shot Misses the Net.
11:50 of 1st period - Slapshot by Ville Leino.
11:50 of 1st period - Stopped by Mike Condon without a rebound.
11:51 of 1st period - Alexandre Bolduc wins face-off versus Peter Mueller in Gangsters zone.
12:21 of 1st period - Snap shot by Kyle Turris.
12:21 of 1st period - Stopped by Mike Condon without a rebound.
12:22 of 1st period - Alexandre Bolduc wins face-off versus Kyle Turris in Gangsters zone.
12:29 of 1st period - Penalty to Mikko Lehtonen is over, Mikko Lehtonen is back on ice.
12:50 of 1st period - Wrist shot by Vojtech Polak.
12:50 of 1st period - Shot Misses the Net.
12:52 of 1st period - Wrist shot by Vojtech Polak.
12:52 of 1st period - Stopped by Mike Condon with a rebound.
12:54 of 1st period - Snap shot by Vojtech Polak.
12:54 of 1st period - Shot Misses the Net.
13:08 of 1st period - Wrist shot by Kyle Turris.
13:08 of 1st period - Shot Misses the Net.
13:10 of 1st period - Slapshot by Kyle Turris.
13:10 of 1st period - Stopped by Mike Condon without a rebound.
13:11 of 1st period - Alexandre Bolduc wins face-off versus Peter Mueller in Gangsters zone.
13:13 of 1st period - Minor Penalty to Mikko Lehtonen for Slashing.
13:14 of 1st period - Alexandre Bolduc wins face-off versus Peter Mueller in Gangsters zone.
13:26 of 1st period - Snap shot by Mark Mancari.
13:26 of 1st period - Stopped by Mike Condon with a rebound.
13:28 of 1st period - Wrist shot by Peter Mueller.
13:28 of 1st period - Goal by Peter Mueller - Sewer Rats : 3 - Gangsters : 1.
13:29 of 1st period - Alexandre Bolduc wins face-off versus Peter Mueller in neutral zone.
13:34 of 1st period - Wrist shot by Mikko Lehtonen.
13:34 of 1st period - Goal by Mikko Lehtonen - Sewer Rats : 3 - Gangsters : 2.
13:35 of 1st period - Alexandre Bolduc wins face-off versus Ville Leino in neutral zone.
13:37 of 1st period - Off-side.
13:38 of 1st period - Ville Leino wins face-off versus Alexandre Bolduc in neutral zone.
13:51 of 1st period - Slapshot by Alexandre Bolduc.
13:51 of 1st period - Deflect By Mikko Lehtonen.
13:51 of 1st period - Stopped by Richard Bachman with a rebound.
13:53 of 1st period - Wrist shot by Alexandre Bolduc.
13:53 of 1st period - Stopped by Richard Bachman with a rebound.
14:09 of 1st period - Snap shot by Matt Lashoff.
14:09 of 1st period - Shot Misses the Net.
15:47 of 1st period - Wrist shot by Dave Dziurzynski.
15:47 of 1st period - Shot Blocked by Jonathan Marchessault.
15:49 of 1st period - Snap shot by Artem Anisimov.
15:49 of 1st period - Stopped by Richard Bachman without a rebound.
15:50 of 1st period - Artem Anisimov wins face-off versus Jonathan Marchessault in Sewer Rats zone.
16:11 of 1st period - Minor Penalty to Dave Dziurzynski for High sticking.
16:12 of 1st period - Alexandre Bolduc wins face-off versus Peter Mueller in Gangsters zone.
16:23 of 1st period - Snap shot by Alexandre Bolduc.
16:23 of 1st period - Shot Misses the Net.
16:48 of 1st period - Wrist shot by Kyle Turris.
16:48 of 1st period - Shot Misses the Net.
17:28 of 1st period - Shaun Heska is hit by Mark Mancari and loses puck.
18:11 of 1st period - Penalty to Dave Dziurzynski is over, Dave Dziurzynski is back on ice.
18:56 of 1st period - Off-side.
18:57 of 1st period - Vincent Trocheck wins face-off versus Maxime Sauvé in neutral zone.
19:31 of 1st period - Wrist shot by Jared Boll.
19:31 of 1st period - Shot Misses the Net.
19:53 of 1st period - Snap shot by Vojtech Polak.
19:53 of 1st period - Stopped by Mike Condon with a rebound.
19:55 of 1st period - Snap shot by Kyle Turris.
19:55 of 1st period - Shot Misses the Net.
19:59 of 1st period - Wrist shot by Vojtech Polak.
19:59 of 1st period - Shot Misses the Net.
Goals for this period are 3 for Sewer Rats vs 2 for Gangsters.
Shots for this period are 17 for Sewer Rats vs 8 for Gangsters.
2nd period
0:01 of 2nd period - Mikko Lehtonen wins face-off versus Peter Mueller in neutral zone.
0:26 of 2nd period - Colten Teubert is hit by Daniel Carr.
0:32 of 2nd period - Wrist shot by Bryan Young.
0:32 of 2nd period - Stopped by Richard Bachman with a rebound.
0:34 of 2nd period - Slapshot by Matt Delahey.
0:34 of 2nd period - Stopped by Richard Bachman without a rebound.
0:35 of 2nd period - Kyle Turris wins face-off versus Artem Anisimov in Sewer Rats zone.
0:44 of 2nd period - Wrist shot by Jared Boll.
0:44 of 2nd period - Stopped by Mike Condon without a rebound.
0:45 of 2nd period - Artem Anisimov wins face-off versus Kyle Turris in Gangsters zone.
1:18 of 2nd period - Off-side.
1:19 of 2nd period - Alexandre Bolduc wins face-off versus Peter Mueller in neutral zone.
1:22 of 2nd period - Wrist shot by Shaun Heska.
1:22 of 2nd period - Stopped by Richard Bachman with a rebound.
1:24 of 2nd period - Snap shot by Alexandre Bolduc.
1:24 of 2nd period - Stopped by Richard Bachman with a rebound.
1:44 of 2nd period - Matt Lashoff is hit by Ben Holmstrom and loses puck.
1:49 of 2nd period - Snap shot by Ben Holmstrom.
1:49 of 2nd period - Deflect By Phillip Danault.
1:49 of 2nd period - Shot Misses the Net.
1:49 of 2nd period - Puck is out of play.
1:50 of 2nd period - Vincent Trocheck wins face-off versus Ben Holmstrom in Sewer Rats zone.
2:10 of 2nd period - Wrist shot by Daniel Carr.
2:10 of 2nd period - Shot Misses the Net.
2:26 of 2nd period - Dmitrij Jaskin is hit by Colten Teubert and loses puck.
3:32 of 2nd period - Icing by Ben Holmstrom.
3:33 of 2nd period - Stefan Noesen wins face-off versus Peter Mueller in Gangsters zone.
3:33 of 2nd period - Stefan Noesen is hit by Ville Leino.
3:45 of 2nd period - Wrist shot by Peter Mueller.
3:45 of 2nd period - Stopped by Mike Condon without a rebound.
3:46 of 2nd period - Alexandre Bolduc wins face-off versus Peter Mueller in Gangsters zone.
3:46 of 2nd period - Alexandre Bolduc is hit by Mark Mancari.
4:34 of 2nd period - Wrist shot by Mikko Lehtonen.
4:34 of 2nd period - Shot Blocked by Matt Lashoff.
4:44 of 2nd period - Wrist shot by Mikko Lehtonen.
4:44 of 2nd period - Stopped by Richard Bachman with a rebound.
4:46 of 2nd period - Snap shot by Mikko Lehtonen.
4:46 of 2nd period - Stopped by Richard Bachman with a rebound.
4:48 of 2nd period - Snap shot by Mikko Lehtonen.
4:48 of 2nd period - Goal by Mikko Lehtonen - Sewer Rats : 3 - Gangsters : 3.
4:49 of 2nd period - Peter Mueller wins face-off versus Maxime Sauvé in neutral zone.
4:51 of 2nd period - Minor Penalty to Mark Mancari for Holding.
4:52 of 2nd period - Artem Anisimov wins face-off versus Peter Mueller in Sewer Rats zone.
5:04 of 2nd period - Snap shot by Artem Anisimov.
5:04 of 2nd period - Stopped by Richard Bachman without a rebound.
5:05 of 2nd period - Peter Mueller wins face-off versus Alexandre Bolduc in Sewer Rats zone.
6:51 of 2nd period - Penalty to Mark Mancari is over, Mark Mancari is back on ice.
7:26 of 2nd period - Ben Holmstrom is hit by Jonathan Marchessault and loses puck.
7:31 of 2nd period - Wrist shot by Derek Dorsett.
7:31 of 2nd period - Shot Misses the Net.
7:33 of 2nd period - Slapshot by Patrick Bordeleau.
7:33 of 2nd period - Stopped by Mike Condon with a rebound.
7:59 of 2nd period - Wrist shot by Mark Mancari.
7:59 of 2nd period - Stopped by Mike Condon with a rebound.
8:37 of 2nd period - Wrist shot by Vincent Trocheck.
8:37 of 2nd period - Stopped by Mike Condon without a rebound.
8:38 of 2nd period - Artem Anisimov wins face-off versus Kyle Turris in Gangsters zone.
9:21 of 2nd period - Off-side.
9:22 of 2nd period - Ben Holmstrom wins face-off versus Peter Mueller in neutral zone.
10:13 of 2nd period - Snap shot by Richard Panik.
10:13 of 2nd period - Stopped by Richard Bachman without a rebound.
10:14 of 2nd period - Artem Anisimov wins face-off versus Jonathan Marchessault in Sewer Rats zone.
10:23 of 2nd period - Slapshot by Artem Anisimov.
10:23 of 2nd period - Shot Misses the Net.
10:25 of 2nd period - Slapshot by Dave Dziurzynski.
10:25 of 2nd period - Shot Misses the Net.
10:27 of 2nd period - Wrist shot by Shaun Heska.
10:27 of 2nd period - Shot Misses the Net.
10:29 of 2nd period - Snap shot by Richard Panik.
10:29 of 2nd period - Stopped by Richard Bachman without a rebound.
10:30 of 2nd period - Peter Mueller wins face-off versus Alexandre Bolduc in Sewer Rats zone.
10:37 of 2nd period - Wrist shot by Alexandre Bolduc.
10:37 of 2nd period - Stopped by Richard Bachman with a rebound.
11:06 of 2nd period - Minor Penalty to Vojtech Polak for Hooking.
11:07 of 2nd period - Peter Mueller wins face-off versus Alexandre Bolduc in Sewer Rats zone.
11:41 of 2nd period - Slapshot by Shaun Heska.
11:41 of 2nd period - Shot Misses the Net.
13:06 of 2nd period - Penalty to Vojtech Polak is over, Vojtech Polak is back on ice.
13:32 of 2nd period - Slapshot by Dougie Hamilton.
13:32 of 2nd period - Stopped by Richard Bachman with a rebound.
14:39 of 2nd period - Bryan Young is hit by Peter Mueller and loses puck.
16:26 of 2nd period - Snap shot by Maxime Sauvé.
16:26 of 2nd period - Stopped by Richard Bachman with a rebound.
16:28 of 2nd period - Snap shot by Curtis McKenzie.
16:28 of 2nd period - Stopped by Richard Bachman with a rebound.
16:30 of 2nd period - Wrist shot by Maxime Sauvé.
16:30 of 2nd period - Stopped by Richard Bachman with a rebound.
16:32 of 2nd period - Snap shot by Maxime Sauvé.
16:32 of 2nd period - Stopped by Richard Bachman with a rebound.
16:34 of 2nd period - Wrist shot by Devante Smith-Pelly.
16:34 of 2nd period - Goal by Devante Smith-Pelly - Sewer Rats : 3 - Gangsters : 4.
16:35 of 2nd period - Alexandre Bolduc wins face-off versus Kyle Turris in neutral zone.
17:30 of 2nd period - Snap shot by Devante Smith-Pelly.
17:30 of 2nd period - Shot Misses the Net.
17:32 of 2nd period - Slapshot by Colten Teubert.
17:32 of 2nd period - Shot Misses the Net.
17:34 of 2nd period - Wrist shot by Devante Smith-Pelly.
17:34 of 2nd period - Stopped by Richard Bachman with a rebound.
17:36 of 2nd period - Slapshot by Colten Teubert.
17:36 of 2nd period - Shot Blocked by Mattias Ekholm.
17:38 of 2nd period - Slapshot by Devante Smith-Pelly.
17:38 of 2nd period - Shot Misses the Net.
17:58 of 2nd period - Stefan Noesen is hit by Vincent Trocheck and loses puck.
18:19 of 2nd period - Snap shot by Mark Mancari.
18:19 of 2nd period - Stopped by Mike Condon with a rebound.
18:57 of 2nd period - Wrist shot by Maxime Sauvé.
18:57 of 2nd period - Shot Blocked by Steven Kampfer.
19:31 of 2nd period - Snap shot by Ben Holmstrom.
19:31 of 2nd period - Shot Hit the Post.
Goals for this period are 0 for Sewer Rats vs 2 for Gangsters.
Shots for this period are 6 for Sewer Rats vs 18 for Gangsters.
3rd period
0:01 of 3rd period - Nick Foligno wins face-off versus Peter Mueller in neutral zone.
0:27 of 3rd period - Minor Penalty to Artem Anisimov for Hooking.
0:28 of 3rd period - Alexandre Bolduc wins face-off versus Peter Mueller in Gangsters zone.
0:37 of 3rd period - Nick Foligno is hit by Richard Jackman and loses puck.
1:33 of 3rd period - Icing by Peter Mueller.
1:34 of 3rd period - Maxime Sauvé wins face-off versus Peter Mueller in Sewer Rats zone.
2:27 of 3rd period - Penalty to Artem Anisimov is over, Artem Anisimov is back on ice.
3:03 of 3rd period - Wrist shot by Ben Holmstrom.
3:03 of 3rd period - Shot Blocked by Steven Kampfer.
3:05 of 3rd period - Snap shot by Stefan Noesen.
3:05 of 3rd period - Shot Misses the Net.
3:25 of 3rd period - Michael Sdao is hit by Daniel Carr and loses puck.
3:42 of 3rd period - Snap shot by Ville Leino.
3:42 of 3rd period - Stopped by Mike Condon without a rebound.
3:43 of 3rd period - Peter Mueller wins face-off versus Alexandre Bolduc in Gangsters zone.
3:54 of 3rd period - Slapshot by Matt Delahey.
3:54 of 3rd period - Shot Misses the Net.
4:10 of 3rd period - Wrist shot by Derek Dorsett.
4:10 of 3rd period - Shot Blocked by Mikko Lehtonen.
4:12 of 3rd period - Backhand shot by Kyle Quincey.
4:12 of 3rd period - Stopped by Mike Condon without a rebound.
4:13 of 3rd period - Richard Panik wins face-off versus Jonathan Marchessault in Gangsters zone.
5:27 of 3rd period - Snap shot by Vojtech Polak.
5:27 of 3rd period - Stopped by Mike Condon without a rebound.
5:28 of 3rd period - Peter Mueller wins face-off versus Mikko Lehtonen in Gangsters zone.
5:33 of 3rd period - Wrist shot by Peter Mueller.
5:33 of 3rd period - Shot Blocked by Michael Sdao.
5:35 of 3rd period - Wrist shot by Peter Mueller.
5:35 of 3rd period - Shot Misses the Net.
5:37 of 3rd period - Snap shot by Peter Mueller.
5:37 of 3rd period - Stopped by Mike Condon without a rebound.
5:38 of 3rd period - Peter Mueller wins face-off versus Alexandre Bolduc in Gangsters zone.
6:03 of 3rd period - Mikko Lehtonen is hit by Matt Lashoff and loses puck.
6:14 of 3rd period - Slapshot by Ville Leino.
6:14 of 3rd period - Stopped by Mike Condon with a rebound.
6:16 of 3rd period - Slapshot by Mattias Ekholm.
6:16 of 3rd period - Stopped by Mike Condon with a rebound.
6:28 of 3rd period - Slapshot by Mark Mancari.
6:28 of 3rd period - Shot Misses the Net.
6:30 of 3rd period - Wrist shot by Joel Edmundson.
6:30 of 3rd period - Stopped by Mike Condon with a rebound.
6:32 of 3rd period - Snap shot by Mark Mancari.
6:32 of 3rd period - Shot Blocked by Michael Sdao.
6:34 of 3rd period - Slapshot by Joel Edmundson.
6:34 of 3rd period - Shot Blocked by Michael Sdao.
6:36 of 3rd period - Slapshot by Ville Leino.
6:36 of 3rd period - Deflect By Mark Mancari.
6:36 of 3rd period - Shot Misses the Net.
6:36 of 3rd period - Puck is out of play.
6:37 of 3rd period - Artem Anisimov wins face-off versus Kyle Turris in Gangsters zone.
6:37 of 3rd period - Artem Anisimov is hit by Joel Edmundson.
6:44 of 3rd period - Penalty Shot by Vojtech Polak for Sewer Rats.
6:44 of 3rd period - Deke by Vojtech Polak.
6:44 of 3rd period - Goal by Vojtech Polak - Sewer Rats : 4 - Gangsters : 4.
6:45 of 3rd period - Artem Anisimov wins face-off versus Kyle Turris in neutral zone.
6:46 of 3rd period - Alexandre Bolduc wins face-off versus Kyle Turris in Sewer Rats zone.
7:00 of 3rd period - Snap shot by Nick Foligno.
7:00 of 3rd period - Stopped by Richard Bachman with a rebound.
7:02 of 3rd period - Snap shot by Nick Foligno.
7:02 of 3rd period - Deflect By Mikko Lehtonen.
7:02 of 3rd period - Shot Blocked by Matt Lashoff.
7:02 of 3rd period - Puck is out of play.
7:03 of 3rd period - Artem Anisimov wins face-off versus Ville Leino in Sewer Rats zone.
7:13 of 3rd period - Minor Penalty to Richard Jackman for Hooking.
7:14 of 3rd period - Peter Mueller wins face-off versus Alexandre Bolduc in Sewer Rats zone.
9:13 of 3rd period - Penalty to Richard Jackman is over, Richard Jackman is back on ice.
9:16 of 3rd period - Kyle Turris is hit by Stefan Noesen and loses puck.
10:00 of 3rd period - Snap shot by Vincent Trocheck.
10:00 of 3rd period - Shot Blocked by Phillip Danault.
10:37 of 3rd period - Vojtech Polak is hit by Mikko Lehtonen and loses puck.
10:52 of 3rd period - Wrist shot by Dmitrij Jaskin.
10:52 of 3rd period - Shot Misses the Net.
11:04 of 3rd period - Slapshot by Steven Kampfer.
11:04 of 3rd period - Stopped by Mike Condon without a rebound.
11:05 of 3rd period - Jonathan Marchessault wins face-off versus Phillip Danault in Gangsters zone.
11:38 of 3rd period - Wrist shot by Kyle Turris.
11:38 of 3rd period - Shot Blocked by Bryan Young.
12:02 of 3rd period - Wrist shot by Mark Mancari.
12:02 of 3rd period - Shot Misses the Net.
12:21 of 3rd period - Snap shot by Dmitrij Jaskin.
12:21 of 3rd period - Shot Misses the Net.
13:00 of 3rd period - Nick Foligno is hit by Jonathan Marchessault and loses puck.
13:07 of 3rd period - Slapshot by Richard Jackman.
13:07 of 3rd period - Shot Misses the Net.
13:09 of 3rd period - Wrist shot by Richard Jackman.
13:09 of 3rd period - Stopped by Mike Condon without a rebound.
13:10 of 3rd period - Artem Anisimov wins face-off versus Kyle Turris in Gangsters zone.
13:19 of 3rd period - Wrist shot by Bryan Young.
13:19 of 3rd period - Shot Misses the Net.
13:21 of 3rd period - Slapshot by Bryan Young.
13:21 of 3rd period - Shot Misses the Net.
13:23 of 3rd period - Slapshot by Artem Anisimov.
13:23 of 3rd period - Stopped by Richard Bachman without a rebound.
13:24 of 3rd period - Alexandre Bolduc wins face-off versus Peter Mueller in Sewer Rats zone.
13:25 of 3rd period - Slapshot by Nick Foligno.
13:25 of 3rd period - Shot Blocked by Matt Lashoff.
13:27 of 3rd period - Snap shot by Bryan Young.
13:27 of 3rd period - Stopped by Richard Bachman with a rebound.
13:29 of 3rd period - Slapshot by Bryan Young.
13:29 of 3rd period - Shot Misses the Net.
13:31 of 3rd period - Wrist shot by Alexandre Bolduc.
13:31 of 3rd period - Stopped by Richard Bachman with a rebound.
13:33 of 3rd period - Wrist shot by Mikko Lehtonen.
13:33 of 3rd period - Shot Misses the Net.
13:35 of 3rd period - Slapshot by Mikko Lehtonen.
13:35 of 3rd period - Stopped by Richard Bachman with a rebound.
14:08 of 3rd period - Daniel Carr is hit by Shaun Heska.
14:26 of 3rd period - Minor Penalty to Devante Smith-Pelly for Hooking.
14:27 of 3rd period - Mark Mancari wins face-off versus Alexandre Bolduc in Gangsters zone.
15:13 of 3rd period - Mark Mancari is hit by Shaun Heska and loses puck.
16:26 of 3rd period - Penalty to Devante Smith-Pelly is over, Devante Smith-Pelly is back on ice.
16:34 of 3rd period - Wrist shot by Artem Anisimov.
16:34 of 3rd period - Shot Blocked by Mattias Ekholm.
16:36 of 3rd period - Slapshot by Artem Anisimov.
16:36 of 3rd period - Stopped by Richard Bachman with a rebound.
16:38 of 3rd period - Slapshot by Dave Dziurzynski.
16:38 of 3rd period - Shot Misses the Net.
16:55 of 3rd period - Off-side.
16:56 of 3rd period - Maxime Sauvé wins face-off versus Jonathan Marchessault in neutral zone.
17:42 of 3rd period - Richard Jackman is hit by Alexandre Bolduc and loses puck.
17:47 of 3rd period - Snap shot by Alexandre Bolduc.
17:47 of 3rd period - Stopped by Richard Bachman without a rebound.
17:48 of 3rd period - Maxime Sauvé wins face-off versus Vincent Trocheck in Sewer Rats zone.
17:49 of 3rd period - Backhand shot by Devante Smith-Pelly.
17:49 of 3rd period - Shot Blocked by Joel Edmundson.
18:03 of 3rd period - Joel Edmundson is hit by Curtis McKenzie.
18:16 of 3rd period - Minor Penalty to Joel Edmundson for Tripping.
18:17 of 3rd period - Mikko Lehtonen wins face-off versus Peter Mueller in Sewer Rats zone.
18:30 of 3rd period - Snap shot by Mikko Lehtonen.
18:30 of 3rd period - Deflect By Alexandre Bolduc.
18:30 of 3rd period - Stopped by Richard Bachman without a rebound.
18:31 of 3rd period - Alexandre Bolduc wins face-off versus Peter Mueller in Sewer Rats zone.
18:36 of 3rd period - Wrist shot by Mikko Lehtonen.
18:36 of 3rd period - Deflect By Nick Foligno.
18:36 of 3rd period - Stopped by Richard Bachman without a rebound.
18:37 of 3rd period - Peter Mueller wins face-off versus Alexandre Bolduc in Sewer Rats zone.
18:37 of 3rd period - Peter Mueller is hit by Alexandre Bolduc.
18:51 of 3rd period - Wrist shot by Alexandre Bolduc.
18:51 of 3rd period - Stopped by Richard Bachman with a rebound.
18:53 of 3rd period - Snap shot by Colten Teubert.
18:53 of 3rd period - Stopped by Richard Bachman with a rebound.
19:03 of 3rd period - Snap shot by Artem Anisimov.
19:03 of 3rd period - Stopped by Richard Bachman without a rebound.
19:04 of 3rd period - Artem Anisimov wins face-off versus Peter Mueller in Sewer Rats zone.
19:17 of 3rd period - Wrist shot by Dave Dziurzynski.
19:17 of 3rd period - Shot Misses the Net.
19:31 of 3rd period - Kyle Turris is hit by Dave Dziurzynski and loses puck.
19:54 of 3rd period - Snap shot by Richard Panik.
19:54 of 3rd period - Goal by Richard Panik - Sewer Rats : 4 - Gangsters : 5.
19:55 of 3rd period - Peter Mueller wins face-off versus Alexandre Bolduc in neutral zone.
19:58 of 3rd period - Sewer Rats, Richard Bachman is pulled from the net.
Goals for this period are 1 for Sewer Rats vs 1 for Gangsters.
Shots for this period are 9 for Sewer Rats vs 13 for Gangsters.
Back to the Top